AoeStats
← Schantiiniiii

Lombardia

507843845Analyzed
4v4 RM · 11d ago on Sep 19, 2026· 72m 14s· 8 players
Game mode
Random Map
Map size
Large (8 player)
Population
200
Speed
Normal
Resources
Standard
Victory
Conquest
Starting age
Dark Age
Ending age
Imperial Age
RankedLock teamsTeams togetherTeam positionsShared explorationLock speedFull tech treeHidden civsTurbo modeCheats
Victory
Defeat
🇲🇽 Mongols · Mexico
1419
+13
🇪🇨 Persians · Ecuador
1401
+14
🇪🇨 Georgians · Ecuador
1357
+15
🇪🇸 Saracens · Spain
1292
+19
🇨🇭 Burmese · Switzerland
1600
-24
🇫🇷 Koreans · France
1538
-22
🇩🇪 Persians · Germany
1235
-11
🇩🇪 Turks · Germany
1009
-4
Sarah0nFire
7:32 Loom
11:16 Feudal Age
16:44 Castle Age
15:39 Double-Bit Axe
27:11 Forging
28:39 Iron Casting
28:27 Scale Barding Armor
29:01 Pikeman
32:08 Wheelbarrow
35:03 Scale Mail Armor
36:58 Hand Cart
38:03 Bow Saw
37:40 Horse Collar
42:13 Imperial Age
39:52 Heavy Plow
40:15 Chain Barding Armor
40:09 Bloodlines
40:52 Husbandry
41:52 Cavalier
43:39 Blast Furnace
43:28 Plate Barding Armor
44:45 Two-Man Saw
43:36 Gold Mining
44:17 Crop Rotation
44:32 Savar
48:09 Light Cavalry
51:22 Hussar
51:55 Fletching
52:06 Padded Archer Armor
53:08 Conscription
60:33 Chain Mail Armor
60:36 Leather Archer Armor
Schantiiniiii
8:11 Loom
8:42 Loom
11:05 Feudal Age
15:33 Castle Age
28:01 Horse Collar
34:06 Heavy Plow
34:29 Husbandry
36:20 Bloodlines
36:18 Gold Mining
38:30 Wheelbarrow
40:30 Imperial Age
40:34 Elite Arambai
42:10 Padded Archer Armor
42:07 Stone Mining
44:06 Manipur Cavalry
45:44 Ballistics
45:56 Conscription
46:20 Fortified Wall
46:55 Hand Cart
47:59 Caravan
47:50 Light Cavalry
48:42 Town Watch
51:25 Town Patrol
52:31 Gold Shaft Mining
53:05 Crop Rotation
53:29 Guilds
53:31 Fletching
53:48 Scale Barding Armor
54:45 Chemistry
54:51 Elite Battle Elephant
55:56 Chain Barding Armor
55:47 Forging
56:49 Howdah
57:37 Plate Barding Armor
58:52 Iron Casting
58:16 Bodkin Arrow
62:43 Devotion
64:20 Bracer
68:12 Blast Furnace
twitch.tv/gliedi69
8:14 Loom
11:09 Feudal Age
14:46 Castle Age
14:50 Pikeman
15:38 Double-Bit Axe
19:43 Horse Collar
21:43 Fletching
24:23 Bow Saw
27:23 Heavy Plow
28:57 Wheelbarrow
29:16 Gold Mining
29:17 Stone Mining
30:26 Hand Cart
30:36 Crossbowman
31:22 Thumb Ring
32:55 Bodkin Arrow
36:01 Imperial Age
34:30 Scale Mail Armor
34:40 Forging
35:33 Squires
35:19 Arson
35:50 Chain Mail Armor
36:37 Iron Casting
36:58 Bracer
37:24 Ballistics
36:40 Halberdier
37:58 Plate Mail Armor
38:37 Conscription
39:25 Chemistry
38:23 Elite War Wagon
39:21 Murder Holes
42:39 Caravan
43:47 Coinage
46:58 Siege Engineers
48:04 Banking
48:10 Guilds
50:43 Eupseong
52:05 Clinker Construction
61:31 Two-Man Saw
MaselDMonkey
8:27 Loom
10:37 Feudal Age
14:29 Double-Bit Axe
20:35 Horse Collar
21:49 Gold Mining
24:04 Castle Age
27:58 Forging
27:53 Scale Barding Armor
28:30 Husbandry
28:40 Bloodlines
36:38 Scale Mail Armor
39:31 Wheelbarrow
46:44 Imperial Age
44:58 Sipahi
44:57 Fletching
45:07 Padded Archer Armor
46:32 Bodkin Arrow
46:37 Padded Archer Armor
47:29 Hand Cart
48:57 Artillery
49:11 Elite Janissary
51:12 Caravan
53:30 Town Watch
54:59 Gold Shaft Mining
54:16 Stone Mining
55:47 Bracer
56:02 Leather Archer Armor
56:48 Cavalier
58:21 Iron Casting
58:06 Chain Barding Armor
59:47 Heavy Scorpion
63:27 Ring Archer Armor
65:06 Ballistics
64:42 Murder Holes
65:09 Bombard Tower
64:36 Arrowslits
66:37 Town Patrol
68:55 Plate Barding Armor
69:34 Blast Furnace
BP | ham.io
10:38 Feudal Age
11:35 Double-Bit Axe
13:52 Forging
14:24 Horse Collar
17:03 Wheelbarrow
20:35 Castle Age
19:01 Fletching
19:41 Stone Mining
19:42 Gold Mining
19:44 Loom
22:13 Bodkin Arrow
22:21 Husbandry
22:31 Heavy Plow
24:29 Town Watch
25:47 Bow Saw
29:08 Hand Cart
30:03 Ballistics
30:00 Bloodlines
29:54 Padded Archer Armor
32:12 Town Patrol
33:03 Stone Shaft Mining
33:04 Gold Shaft Mining
36:46 Imperial Age
34:31 Fortified Wall
37:27 Leather Archer Armor
38:32 Chemistry
36:57 Elite Mangudai
37:57 Conscription
39:12 Caravan
38:51 Capped Ram
40:15 Coinage
40:34 Parthian Tactics
40:23 Thumb Ring
42:16 Onager
44:53 Hoardings
44:04 Siege Onager
47:02 Drill
47:34 Siege Engineers
66:27 Masonry
67:23 Banking
El coco
4:39 Loom
10:24 Feudal Age
11:02 Feudal Age
14:31 Castle Age
12:39 Horse Collar
15:33 Double-Bit Axe
19:37 Fletching
20:17 Bodkin Arrow
25:50 Wheelbarrow
25:00 Town Watch
26:02 Bow Saw
27:31 Heavy Plow
27:50 Stone Mining
27:50 Gold Mining
27:50 Stone Mining
27:50 Gold Mining
30:20 Husbandry
32:10 Town Patrol
35:45 Hand Cart
38:20 Imperial Age
38:25 Elite Mameluke
39:26 Conscription
39:17 Counterweights
39:29 Bloodlines
39:21 Bracer
39:21 Padded Archer Armor
39:21 Bracer
40:30 Chemistry
39:36 Siege Engineers
39:51 Ballistics
40:24 Hoardings
40:51 Treadmill Crane
41:06 Murder Holes
41:30 Leather Archer Armor
41:21 Scale Barding Armor
43:47 Two-Man Saw
43:54 Caravan
44:24 Coinage
43:54 Caravan
44:25 Ring Archer Armor
44:10 Masonry
48:15 Forging
48:25 Chain Barding Armor
54:05 Banking
66:39 Light Cavalry
TREX KID BOO
6:21 Loom
9:09 Feudal Age
12:53 Double-Bit Axe
12:52 Horse Collar
22:21 Castle Age
21:27 Forging
21:23 Scale Barding Armor
21:40 Gold Mining
24:14 Bloodlines
23:25 Light Cavalry
25:52 Chain Barding Armor
26:39 Iron Casting
27:31 Husbandry
27:29 Town Watch
28:19 Wheelbarrow
33:46 Heavy Plow
33:46 Stone Mining
34:22 Hand Cart
34:07 Town Patrol
39:27 Imperial Age
37:27 Scale Mail Armor
39:51 Fletching
39:34 Cavalier
40:54 Plate Barding Armor
40:20 Hussar
43:25 Aznauri Cavalry
43:57 Conscription
44:23 Hoardings
44:43 Crop Rotation
45:39 Elite Monaspa
48:47 Caravan
49:00 Guilds
49:57 Fortified Wall
el adriano
7:00 Loom
9:15 Feudal Age
10:35 Double-Bit Axe
10:32 Horse Collar
15:56 Town Watch
16:46 Wheelbarrow
16:30 Forging
19:26 Castle Age
18:55 Scale Barding Armor
19:02 Bloodlines
21:04 Gold Mining
21:01 Light Cavalry
23:15 Chain Barding Armor
23:23 Husbandry
26:42 Iron Casting
32:02 Bow Saw
37:18 Imperial Age
35:41 Heavy Plow
36:18 Gold Shaft Mining
35:33 Stone Mining
38:27 Plate Barding Armor
38:13 Hussar
39:00 Cavalier
40:08 Hand Cart
39:54 Town Patrol
40:55 Blast Furnace
40:21 Fletching
40:40 Savar
43:03 Chemistry
43:27 Conscription
43:36 Bodkin Arrow
48:18 Two-Man Saw
47:10 Stone Mining
49:06 Caravan
49:18 Guilds
50:34 Crop Rotation
50:41 Stone Shaft Mining
57:18 Heavy Camel Rider
60:31 Ballistics
67:27 Hoardings
67:28 Coinage
Connection lost

Rejoining the realm…

Still unreachable

The connection could not be restored.

Session expired

The server has moved on; the page needs a fresh start.